 Dungeon Crawl Stone Soup version 0.17-a0-764-gd40c196 (console) character file.

1274 sose the Firebug (level 8, 0/46 HPs)
             Began as a High Elf Fire Elementalist on Apr 23, 2015.
             Shot with an arrow by a centaur (5 damage)
             ... on level 5 of the Dungeon.
             The game lasted 00:16:59 (5881 turns).

sose the Firebug (High Elf Fire Elementalist)       Turns: 5881, Time: 00:17:00

Health: 0/46       AC:  8    Str:  7    XL:     8   Next: 28%
Magic:  10/16      EV: 13    Int: 21    God:
Gold:   336        SH:  0    Dex: 16    Spells: 4 memorised, 6 levels left

rFire  . . .     SeeInvis .     g - +1 dagger
rCold  . . .     Clarity  .     s - +2 robe
rNeg   + . .     SustAb   .     (no shield)
rPois  .         Gourm    .     E - +0 helmet
rElec  .         Spirit   .     h - +1 cloak
rCorr  .         Warding  .     i - +0 pair of gloves
rMut   .         Stasis   .     (no boots)
MR     .....                    (no amulet)
Stlth  ++........               (no ring)
                                e - ring of positive energy

@: not resistant to hostile enchantments, unstealthy
A: no striking features
a: no special abilities


You were on level 5 of the Dungeon.
You were not hungry.

You visited 1 branch of the dungeon, and saw 5 of its levels.

You collected 336 gold pieces.

Inventory:

Hand weapons
 g - a +1 dagger (weapon)
Missiles
 k - 214 stones (quivered)
Armour
 h - a +1 cloak (worn)
 i - a +0 pair of gloves (worn)
 s - a +2 robe (worn)
 E - a +0 helmet (worn)
Jewellery
 e - a ring of positive energy (left hand)
Magical devices
 q - a wand of flame (21)
 C - a wand of teleportation (4)
Scrolls
 w - a scroll of enchant weapon
 x - a scroll of fog {unknown}
 y - a scroll of magic mapping
 z - a scroll of fear {unknown}
 B - a scroll of enchant armour {unknown}
Potions
 d - 2 potions of might {unknown}
 l - 4 potions of curing {unknown}
 m - 2 potions of heal wounds {unknown}
 n - 2 potions of agility {unknown}
 o - 3 potions of restore abilities {unknown}
 p - a potion of cancellation
 r - a potion of ambrosia {unknown}
 t - a potion of mutation {unknown}
Books
 b - a book of Flames

   Spells                             Type                      Level
   a - Flame Tongue                   Conjuration/Fire             1
   b - Throw Flame                    Conjuration/Fire             2
   c - Conjure Flame                  Conjuration/Fire             3
   d - Inner Flame                    Hexes/Fire                   3
   e - Sticky Flame                   Conjuration/Fire             4
   f - Fireball                       Conjuration/Fire             5
 j - a book of Debilitation

   Spells                             Type                      Level
   a - Corona                         Hexes                        1
   b - Slow                           Hexes                        2
   c - Gell's Gravitas                Hexes/Translocation          3
   d - Inner Flame                    Hexes/Fire                   3
   e - Cause Fear                     Hexes                        4
   f - Leda's Liquefaction            Hexes/Earth                  4
 u - an Akashic Record {highlevel, unknown}

   This book is beyond your current level of understanding.

   Spells                             Type                      Level
   a - Dispersal                      Translocation                6
   b - Controlled Blink               Translocation                7
   c - Malign Gateway                 Summoning/Translocation      7
   d - Disjunction                    Translocation                8
   e - Singularity                    Translocation                9
Comestibles
 a - 4 chunks of flesh
 c - 4 bread rations
 f - 2 meat rations
 v - a royal jelly
 A - a beef jerky


   Skills:
 - Level 2.1 Dodging
 - Level 2.1 Stealth
 + Level 4.9 Spellcasting
 + Level 6.9 Conjurations
 + Level 7.3 Fire Magic


You had 6 spell levels left.
You knew the following spells:

 Your Spells              Type           Power        Failure   Level  Hunger
a - Flame Tongue          Conj/Fire      #####        1%          1    None
b - Throw Flame           Conj/Fire      #####.       1%          2    None
c - Conjure Flame         Conj/Fire      #####...     1%          3    ##.....
d - Sticky Flame          Conj/Fire      #####...     8%          4    ####...


Dungeon Overview and Level Annotations

Branches:
Dungeon (5/15)
 Temple: D:4-7

Altars:
Cheibriados
Dithmenos
Kikubaaqudgha


Message History

Aim: a centaur, wielding a shortbow The puff of flame hits the centaur.
The centaur is moderately wounded.
Casting: Throw Flame
Confirm with . or Enter, or press ? or * to list all spells.
Aiming: Throw Flame
Press: ? - help, Shift-Dir - straight line, f/p - centaur
Aim: a centaur, wielding a shortbow (moderately wounded)
The puff of flame hits the orc.
You kill the orc!
The centaur shoots an arrow.
The arrow barely misses you.
Casting: Throw Flame
Confirm with . or Enter, or press ? or * to list all spells.
Aiming: Throw Flame
Press: ? - help, Shift-Dir - straight line, f/p - centaur
Aim: a centaur, wielding a shortbow (moderately wounded)
The puff of flame hits the centaur.
The centaur is heavily wounded.
The centaur shoots an arrow.
The arrow hits you.
You die...

###..)((...#.# ...###
#.....(....#'#########
#
#....................#
#
#.....###.#..........#
#
g..!..###.#.(........#
g....................#
...[........co(c.....#
.$..........###.....#
##......c.(# #@....#
.........# #.(...#
.......c# #######
......... ...§§§Y.#
.o§§...# S.§...#
#..#.# #.#


You could see a centaur.

Vanquished Creatures
  A water moccasin (D:5)
  An ogre (D:4)
  A centaur (D:5)
  3 scorpions (D:4)
  A vampire bat (D:3)
  The ghost of sose the Digger, a weakling GrEE (D:3)
  2 hounds
  A goliath beetle (D:5)
  Crazy Yiuf (D:4)
  A giant frog skeleton (D:4)
  Ijyb (D:2)
  3 orc priests
  A centaur skeleton (D:4)
  Jessica (D:2)
  6 orc wizards
  An iguana (D:4)
  2 worker ants
  4 adders
  5 gnolls
  3 worms
  6 giant geckos
  20 orcs
  2 ball pythons
  19 bats
  3 bat skeletons
  4 bat zombies (D:3)
  5 giant cockroaches
  9 goblins
  8 hobgoblins
  8 jackals
  2 quokkas (D:3)
  A giant cockroach zombie (D:5)
  6 giant newts
  10 kobolds
  16 rats
159 creatures vanquished.

Vanquished Creatures (others)
  4 fungi (D:1)
4 creatures vanquished.

Grand Total: 163 creatures vanquished

Notes
Turn   | Place    | Note
--------------------------------------------------------------
     0 | D:1      | sose, the High Elf Fire Elementalist, began the quest for the Orb.
     0 | D:1      | Reached XP level 1. HP: 11/11 MP: 4/4
   161 | D:1      | Reached XP level 2. HP: 3/17 MP: 1/6
   398 | D:1      | Learned a level 2 spell: Throw Flame
  1282 | D:2      | Reached XP level 3. HP: 18/21 MP: 3/7
  1332 | D:2      | Learned a level 3 spell: Conjure Flame
  1397 | D:2      | Noticed Jessica
  1403 | D:2      | Killed Jessica
  1403 | D:2      | Reached skill level 4 in Fire Magic
  1453 | D:2      | Reached XP level 4. HP: 19/27 MP: 5/8
  1791 | D:2      | Noticed Ijyb
  1805 | D:2      | Killed Ijyb
  2177 | D:3      | Noticed sose's ghost (weakling GrEE)
  2234 | D:3      | Killed sose's ghost
  2234 | D:3      | Reached XP level 5. HP: 31/31 MP: 2/9
  2696 | D:3      | Reached skill level 5 in Fire Magic
  2791 | D:3      | Reached XP level 6. HP: 25/36 MP: 4/10
  2838 | D:3      | Found an ancient bone altar of Kikubaaqudgha.
  3568 | D:4      | Reached skill level 5 in Conjurations
  3703 | D:4      | Learned a level 4 spell: Sticky Flame
  3941 | D:4      | Reached skill level 6 in Fire Magic
  3941 | D:4      | Reached XP level 7. HP: 28/41 MP: 1/12
  4223 | D:4      | Noticed Crazy Yiuf
  4229 | D:4      | Killed Crazy Yiuf
  5164 | D:4      | Reached skill level 7 in Fire Magic
  5229 | D:5      | Entered Level 5 of the Dungeon
  5392 | D:5      | Reached XP level 8. HP: 42/46 MP: 15/15
  5400 | D:5      | Found a snail-covered altar of Cheibriados.
  5869 | D:5      | Found a shadowy altar of Dithmenos.
  5881 | D:5      | Shot with an arrow by a centaur

Action                   |  1- 3 |  4- 6 |  7- 9 || total
-------------------------+-------+-------+-------++-------
Melee: Unarmed           |    33 |       |       ||    33
       Dagger            |    52 |   161 |   102 ||   315
 Cast: Flame Tongue      |    37 |   110 |    26 ||   173
       Throw Flame       |     1 |     2 |    17 ||    20
       Conjure Flame     |       |     3 |     1 ||     4
       Sticky Flame      |       |     1 |    18 ||    19
  Use: Scroll            |       |       |     7 ||     7
 Stab: Sleeping          |     5 |     3 |     4 ||    12
  Eat: Chunk             |     2 |     4 |     6 ||    12
       Meat ration       |       |     1 |     1 ||     2
       Fruit             |       |       |     2 ||     2
